 Dungeon Crawl Stone Soup version 0.30.1-3-gfc49f6343a (webtiles) character file.

Game seed: 2868642172708590360

397 Peloso the Slasher (level 6, -2/50 (53) HPs)
             Began as a Minotaur Fighter on July 29, 2023.
             Slain by Pikel
             ... wielding a +1 whip of electrocution
              (20 damage)
             ... on level 4 of the Dungeon.
             The game lasted 00:07:15 (3118 turns).

Peloso the Slasher (Minotaur Fighter)               Turns: 3118, Time: 00:07:16

HP:   -2/50 (53)    AC: 10    Str: 21    XL:     6   Next: 53%
MP:   5/5           EV:  8    Int:  5    God:
Gold: 186           SH:  5    Dex: 11    Spells: 5/5 levels left

rFire   . . .        a - +0 long sword
rCold   . . .        d - +0 buckler
rNeg    . . .        k - +0 chain mail
rPois   .            (helmet restricted)
rElec   .            (no cloak)
rCorr   .            (no gloves)
SInv    .            (no boots)
Will    .....        (no amulet) Stlth
                     (no ring)
HPRegen 0.28/turn    (no ring)
MPRegen 0.09/turn

%: no passive effects
@: drained
A: horns 2, retaliatory headbutt
a: no special abilities


You were on level 4 of the Dungeon.
You visited 1 branch of the dungeon, and saw 4 of its levels.

You collected 186 gold pieces.

Inventory:

Hand Weapons
 a - a +0 long sword (weapon)
 c - a +2 dagger of holy wrath
Armour
 b - a +0 scale mail
 d - a +0 buckler (worn)
 k - a +0 chain mail (worn)
Scrolls
 f - a scroll of blinking {unknown}
 h - 2 scrolls of vulnerability {unknown}
 j - a scroll of fear {unknown}
 l - 4 scrolls of identify {unknown}
 m - a scroll of enchant armour {unknown}
 n - 6 scrolls of teleportation {unknown}
 o - a scroll of magic mapping {unknown}
 p - a scroll of torment {unknown}
 q - a scroll of immolation {unknown}
 s - 2 scrolls of poison {unknown}
 v - a scroll of enchant weapon {unknown}
 x - 2 scrolls of fog {unknown}
Potions
 e - a potion of cancellation
 g - 2 potions of might
 i - a potion of attraction {unknown}
 t - 2 potions of haste {unknown}
 u - 2 potions of heal wounds {unknown}
 w - a potion of mutation {unknown}


   Skills:
 + Level 4.7 Fighting
 + Level 5.5 Long Blades
 + Level 5.5 Armour
 + Level 0.7 Dodging
 + Level 4.9 Shields


You had 5 spell levels left.
You didn't know any spells.
Your spell library contained the following spells:

 Spells                   Type           Power      Damage    Failure   Level
 Apportation              Tloc           0%         N/A       99%         1
 Alistair's Intoxication  Tmut/Pois      0%         N/A       100%        5


Dungeon Overview and Level Annotations

Branches:
Dungeon (4/15)
 Temple: D:4-7

Altars:
Ashenzari
Gozag

Shops:
D:3 *

Annotations:
D:2 1 runed translucent door, Crazy Yiuf
D:4 Pikel


Innate Abilities, Weirdness & Mutations

You have a pair of horns on your head.
You reflexively headbutt those who attack you in melee.


Message History

You kill the hobgoblin!
A hobgoblin comes into view.
A hobgoblin is nearby!
A hobgoblin is nearby!
A hobgoblin is nearby!
The hobgoblin shouts!
You hit the hobgoblin.
The hobgoblin is moderately wounded.
The hobgoblin hits you. The hobgoblin barely misses you.
You slash the hobgoblin!
You kill the hobgoblin!
You open the door.
There is an open door here.
Found 5 boomerangs.
Found a broken altar of Ashenzari.
The lemure shouts!
Found a dagger.
Pikel shouts!
You hear a shout!
The lemure shouts!
The orc shouts!
You hear a shout!
There is an open door here.
There are monsters nearby!
Pikel hits you with a +1 whip of electrocution.
You are electrocuted!
Pikel attacks as you move away! You block Pikel's attack.
Pikel attacks as you move away!
Pikel hits you with a +1 whip of electrocution!
You slash Pikel! Your headbutt misses Pikel.
Pikel is lightly wounded.
Pikel hits you with a +1 whip of electrocution.
You are electrocuted!!
* * * LOW HITPOINT WARNING * * *
You hit Pikel. Your headbutt misses Pikel.
Pikel is moderately wounded.
Pikel says, "Hell isn't that bad."
Pikel hits you with a +1 whip of electrocution.
* * * LOW HITPOINT WARNING * * *
You slash Pikel!
Pikel is heavily wounded.
Pikel hits you but does no damage.
You feel better. Pikel hits you but does no damage.
You are electrocuted!!
You die...

#..#
#.##..5#§§≈#
#.##
#....##5...###
###
######.......##
#...###5..#
##..##.##..##
#...#...#...#
#..##...##5.#
#..#.._..#..#
#..#.(..@#..#
##.......K5##
###.....###
#######


You could see Pikel and a lemure.

Vanquished Creatures
  A scorpion (D:4)
  A hound (D:4)
  Jessica (D:2)
  2 iguanas
  4 orc wizards
  A gnoll (D:1)
  3 adders
  2 worms
  4 dart slugs
  6 orcs
  7 ball pythons
  10 bats
  8 endoplasms
  3 giant cockroaches
  6 goblins
  9 hobgoblins
  6 kobolds
  4 quokkas
  A frilled lizard (D:2)
79 creatures vanquished.

Notes
Turn   | Place    | Note
-------+----------+-------------------------------------------
     0 | D:1      | Peloso the Minotaur Fighter began the quest for the Orb.
     0 | D:1      | Reached XP level 1. HP: 19/19 MP: 0/0
    69 | D:1      | Reached XP level 2. HP: 17/27 MP: 1/1
   243 | D:1      | Reached XP level 3. HP: 33/33 MP: 2/2
  1267 | D:2      | Noticed Jessica
  1272 | D:2      | Killed Jessica
  1273 | D:2      | Reached XP level 4. HP: 41/41 MP: 3/3
  1381 | D:2      | Found a runed translucent door.
  1382 | D:2      | Noticed Crazy Yiuf
  1732 | D:3      | Found an opulent altar of Gozag.
  1734 | D:3      | Found Gozag's Platinum Reserve.
  1984 | D:3      | Reached XP level 5. HP: 35/47 MP: 4/4
  2546 | D:4      | Reached skill level 5 in Armour
  2547 | D:4      | Reached XP level 6. HP: 6/46 MP: 5/5
  2770 | D:4      | Reached skill level 5 in Long Blades
  3083 | D:4      | Found a broken altar of Ashenzari.
  3097 | D:4      | Noticed Pikel
  3118 | D:4      | Slain by Pikel

Illustrated notes

Levels and vault maps discovered:
D:1:      dpeg_arrival_shelter, layout_basic, minmay_tripent
D:2:      layout_rooms, amcnicky_mini_rare_corridor_liquid, uniq_jessica,
          uniq_crazy_yiuf_cottage
D:3:      minmay_evil_eye, layout_basic, nicolae_gozag_zags_fifth_avenue
D:4:      layout_rooms, mainiacjoe_overflow_paths,
          mainiacjoe_overflow_two_lobes, saegor_snake_ambush, uniq_pikel,
          uniq_blork_the_orc

Skill      XL: |  1  2  3  4  5  6 |
---------------+-------------------+-----
Shields        | 4 |  4.9
Fighting       | 4 |  4.7
Armour         | 4 5 |  5.5
Long Blades    | 3 4 5 |  5.5
Dodging        | |  0.7

Action                     |  1- 3 |  4- 6 || total
---------------------------+-------+-------++-------
  Melee: Long sword        |    78 |   156 ||   234
         Headbutt          |    12 |    15 ||    27
    Use: Potion            |     5 |     5 ||    10
 Armour: Scale mail        |    39 |       ||    39
         Chain mail        |    14 |   120 ||   134
  Dodge: Dodged            |    63 |    60 ||   123
  Block: Buckler           |    21 |    44 ||    65
